 Dungeon Crawl Stone Soup version 0.30-a0-359-gd0147acb1a (webtiles) character file.

Game seed: 3394882312627200688

5509 experimilk the Destroyer (level 10, -8/69 HPs)
             Began as a Grey Draconian Conjurer on Nov 12, 2022.
             Was a Follower of Ru.
             Mangled by a boulder beetle (14 damage)
             ... on level 7 of the Dungeon.
             The game lasted 00:30:53 (13640 turns).

experimilk the Destroyer (Grey Draconian Conjurer) Turns: 13640, Time: 00:30:53

Health: -8/69      AC: 19    Str:  5    XL:     10   Next: 43%
Magic:  3/16       EV: 13    Int: 26    God:    Ru [*.....]
Gold:   286        SH:  0    Dex: 13    Spells: 6/18 levels left

rFire   x . .      SeeInvis .    a - +3 quarterstaff (chaos)
rCold   + . .      Faith    .    (shield currently unavailable)
rNeg    . . .      Spirit   .    (body armour unavailable)
rPois   .          Reflect  .    (helmet restricted)
rElec   .          Harm     .    A - +2 cloak
rCorr   .          Rampage  .    f - +0 pair of gloves
Will    .....                    D - +2 pair of boots
Stlth   ++........               (no amulet)
HPRegen 0.31/turn                l - ring "Cynugg" {Wiz Str-5 Int+4 Dex+3}
MPRegen 0.15/turn                y - ring of ice

@: unable to drink
A: AC +12, amphibious, unfitting armour, cold-blooded, inability to drink after
injury 2
a: Renounce Religion


You were on level 7 of the Dungeon.
You worshipped Ru.
Ru was aware of your devotion.
You visited 2 branches of the dungeon, and saw 8 of its levels.
You also visited: Sewer.

You collected 346 gold pieces.
You spent 60 gold pieces at shops.

Inventory:

Hand Weapons
 a - a +3 quarterstaff of chaos (weapon)
 b - a +0 lajatang
 m - a +0 trident
Missiles
 e - 4 throwing nets
Armour
 f - a +0 pair of gloves (worn)
 A - a +2 cloak (worn)
 D - a +2 pair of boots (worn)
Magical Staves
 E - a staff of cold
Jewellery
 l - the ring "Cynugg" (left hand) {Wiz Str-5 Int+4 Dex+3}
   (You found it on level 3 of the Dungeon)

   [ring of wizardry]

   It improves your spell success rate.
   Str:       It affects your strength (-5).
   Int:       It affects your intelligence (+4).
   Dex:       It affects your dexterity (+3).
 r - a ring of positive energy
 y - a ring of ice (right hand)
Wands
 u - a wand of iceblast (19)
Scrolls
 d - 9 scrolls of teleportation
 g - 3 scrolls of immolation
 h - 2 scrolls of fear
 k - 4 scrolls of butterflies
 n - a scroll of summoning {unknown}
 p - 2 scrolls of enchant armour {unknown}
 q - a scroll of blinking {unknown}
 s - 2 scrolls of amnesia {unknown}
 t - 2 scrolls of vulnerability
 w - 3 scrolls of poison
Potions
 c - 3 potions of haste
 i - 3 potions of heal wounds
 j - 3 potions of might
 o - 3 potions of curing
 v - 4 potions of brilliance
 x - 4 potions of ambrosia
 B - a potion of lignification {unknown}
 C - a potion of berserk rage {unknown}
 F - a potion of flight {unknown}


   Skills:
 - Level 3.7 Dodging
 - Level 4.0 Stealth
 + Level 4.5 Spellcasting
 + Level 10.1 Conjurations
 + Level 10.1 Ice Magic
 - Level 2.2 Air Magic


You had 6 spell levels left.
You knew the following spells:

 Your Spells              Type           Power      Damage    Failure   Level
a - Freezing Cloud        Conj/Ice/Air   30%        6-21      4%          5
b - Magic Dart            Conj           100%       1d8       1%          1
x - Iskenderun's Mystic   Conj/Tloc      32%        2d8       4%          4
z - Searing Ray           Conj           100%       2d8       1%          2

Your spell library contained the following spells:

 Spells                   Type           Power      Damage    Failure   Level
 Freeze                   Ice            100%       1d10      1%          1
 Dazzling Flash           Conj/Hex       64%        N/A       1%          3
 Frozen Ramparts          Ice            100%       1d16      1%          3
 Hailstorm                Conj/Ice       73%        3d15      1%          3
 Fulminant Prism          Conj/Hex       16%        3d11      4%          4
 Simulacrum               Ice/Necr       24%        N/A       50%         6
 Polar Vortex             Ice            36%        N/A       100%        9


Dungeon Overview and Level Annotations

Branches:
Dungeon (7/15)             Temple (1/1) D:5           Sewer (visited)

Altars:
Ashenzari
Ru
Yredelemnul

Shops:
D:2 ?   D:4 *   D:5 (


Innate Abilities, Weirdness & Mutations

Your dull iron-grey scales are very hard. (AC +12)
You are amphibious.
You cannot fit into any form of body armour.
You are cold-blooded and may be slowed by cold attacks.
You sometimes lose the ability to drink potions when taking damage.


Message History

You kill the water moccasin!
The searing ray hits the boulder beetle but does no damage.
The boulder beetle is moderately wounded.
The boulder beetle is engulfed in freezing vapours.
The boulder beetle bites you but does no damage.
The searing ray hits the boulder beetle.
The boulder beetle is moderately wounded.
The boulder beetle bites you but does no damage.
The searing ray hits the boulder beetle but does no damage.
The boulder beetle is moderately wounded.
You finish channelling your searing ray.
The boulder beetle barely misses you.
You hit the boulder beetle.
The boulder beetle is moderately wounded.
The boulder beetle bites you.
You barely miss the boulder beetle.
The boulder beetle is moderately wounded.
The boulder beetle is engulfed in freezing vapours.
The boulder beetle begins to attack, but is stunned by your conviction!
You hit the boulder beetle but do no damage.
The boulder beetle goes berserk!
The boulder beetle is heavily wounded.
The boulder beetle is engulfed in freezing vapours.
The boulder beetle bites you but does no damage.
The boulder beetle is engulfed in freezing vapours.
The boulder beetle closely misses you.
You hit the boulder beetle but do no damage.
The boulder beetle is heavily wounded.
The boulder beetle closely misses you.
The boulder beetle is engulfed in freezing vapours.
The boulder beetle bites you!
You feel threatened and lose the ability to drink potions!
Unknown command.
You hit the boulder beetle but do no damage.
The boulder beetle flickers and vanishes!
Deactivating autopickup; reactivate with Ctrl-A.
Something bites you!!
* * * LOW HITPOINT WARNING * * *
Something bites you!
You die...

#.######
#.♣♣♣.##♣'♣##♣.. ..##
###.....#..<.)#♣.♣
.#.##
#....♣.)†..8..'.[[
###)# ##
#(#.....#..>).#♣♣♣
.#..## #.
#.#.♣♣♣.##♣'♣##♣..
...#.# #. #.#.♣
♣.#.♣.♣.#♣♣♣ #.####
##§##§#.♣ ♣.#♣.♣.♣#♣..
...#.# #§°§{.#.♣
♣.#.♣.♣.#♣.~ .#..##
#.♣♣♣@#.♣ ♣.#♣.♣.♣#♣♣~
###.# ### #.....#..
..#.♣.♣.# ♣.
.#.####.##
##############♣.♣#####
.......#.#
♣♣....♣.♣....♣
#.#####.#####
#♣)≈≈≈≈~≈~≈≈≈≈.
.###........#
#.≈≈≈≈~≈~≈~≈≈≈≈ ##
#.##.###.#
#♣.≈≈≈≈~≈(≈≈≈≈. #
#.##.# #.##
♣♣....♣†♣....♣ ##
#.##.###..##
#########)######


There were no monsters in sight!

Vanquished Creatures
  A cyclops (D:7)
  Grinder (D:5)
  A slime creature (D:7)
  Eustachio (D:5)
  A wraith (D:7)
  A steam dragon (D:7)
  Menkaure (D:4)
  2 water moccasins (D:7)
  Duvessa (D:5)
  An orc warrior (D:7)
  4 ice beasts
  A hornet zombie (D:7)
  3 sky beasts
  A black bear (D:6)
  4 ogres
  A centaur (D:3)
  A phantom (D:7)
  Blork the orc (D:4)
  4 kobold brigands
  4 bullfrogs
  4 scorpions
  7 wights (D:7)
  Dowan (D:5)
  4 jellies
  An electric eel (D:7)
  4 hounds
  A bullfrog zombie (D:7)
  3 orc priests
  Crazy Yiuf (D:5)
  A gnoll bouda (D:6)
  5 iguanas
  11 orc wizards
  16 gnolls
  3 adders
  A river rat (Sewer)
  2 shadow imps (D:6)
  4 white imps
  An ufetubus (D:5)
  A worm (Sewer)
  3 dart slugs
  27 orcs
  8 bats
  14 endoplasms
  3 giant cockroaches
  7 goblins
  4 hobgoblins
  12 jackals (D:1)
  7 quokkas
  11 ball pythons
  3 frilled lizards
  15 kobolds
  9 rats
229 creatures vanquished.

Vanquished Creatures (others)
  A sky beast (D:7)
  A wight (D:7)
  A fungus (D:5)
  11 plants (D:7)
14 creatures vanquished.

Grand Total: 243 creatures vanquished

Notes
Turn   | Place    | Note
-------+----------+-------------------------------------------
     0 | D:1      | experimilk the Draconian Conjurer began the quest for the
                  | Orb.
     0 | D:1      | Reached XP level 1. HP: 14/14 MP: 3/3
    89 | D:1      | Reached XP level 2. HP: 20/20 MP: 0/5
   238 | D:1      | Learned a level 2 spell: Searing Ray
   421 | D:1      | Reached XP level 3. HP: 26/26 MP: 3/6
  2031 | D:2      | Found Moixih's Magic Scroll Shoppe.
  2035 | D:2      | Reached XP level 4. HP: 33/33 MP: 2/7
  2087 | D:2      | Bought a scroll of fear for 40 gold pieces
  2793 | D:3      | Noticed a centaur
  2955 | D:3      | Found a faded altar of an unknown god.
  2960 | D:3      | Identified the +1 ring mail of a volcano {+Blink}
  2964 | D:3      | Identified the ring "Cynugg" {Wiz Str-5 Int+4 Dex+3}
  3184 | D:3      | Learned a level 4 spell: Iskenderun's Mystic Blast
  3369 | D:3      | Killed a centaur
  3370 | D:3      | Reached XP level 5. HP: 35/38 MP: 1/9
  3897 | D:4      | Reached skill level 5 in Conjurations
  3897 | D:4      | Reached XP level 6. HP: 37/45 MP: 4/11
  4074 | D:4      | Noticed Menkaure
  4079 | D:4      | Killed Menkaure
  4158 | D:4      | Learned a level 5 spell: Freezing Cloud
  4379 | D:4      | Found a sacrificial altar of Ru.
  4565 | D:4      | Found Ylool's General Store.
  4573 | D:4      | Bought a scroll of identify for 20 gold pieces
  4584 | D:4      | Your scales start taking on a dull iron-grey colour.
  4584 | D:4      | Reached XP level 7. HP: 50/50 MP: 5/12
  4884 | D:4      | Noticed Blork the orc
  4891 | D:4      | Killed Blork the orc
  5340 | D:5      | Entered Level 5 of the Dungeon
  5406 | D:5      | Noticed Grinder
  5411 | D:5      | Killed Grinder
  5497 | D:5      | Noticed Eustachio
  5508 | D:5      | Reached skill level 1 in Ice Magic
  5526 | D:5      | Killed Eustachio
  5527 | D:5      | Reached XP level 8. HP: 48/57 MP: 6/14
  5691 | D:5      | Noticed Duvessa
  5698 | D:5      | Killed Duvessa
  6267 | D:4      | Became a worshipper of Ru the Awakened
  6300 | D:5      | Found a runed translucent door.
  6301 | D:5      | Noticed Crazy Yiuf
  6314 | D:5      | Noticed Dowan
  6322 | D:5      | Killed Dowan
  6612 | D:5      | Found Miestraw's Antique Weapon Emporium.
  6936 | D:5      | Reached skill level 5 in Ice Magic
  7375 | D:5      | Found a staircase to the Ecumenical Temple.
  7596 | Temple   | Entered the Ecumenical Temple
  7714 | D:5      | Killed Crazy Yiuf
  7909 | D:6      | Found a glowing drain.
  7914 | Sewer    | Entered a sewer
  8259 | Sewer    | Gained mutation: You occasionally lose the ability to drink
                  | potions when taking damage. [Ru sacrifice]
  8259 | Sewer    | Gained mutation: You sometimes lose the ability to drink
                  | potions when taking damage. [Ru sacrifice]
  8259 | Sewer    | Reached * piety under Ru
  8621 | D:6      | Reached XP level 9. HP: 62/62 MP: 6/15
 10878 | D:7      | Found a broken altar of Ashenzari.
 12357 | D:7      | Reached XP level 10. HP: 42/69 MP: 0/16
 12641 | D:7      | Found a basalt altar of Yredelemnul.
 13124 | D:7      | Reached skill level 10 in Ice Magic
 13173 | D:7      | Noticed a cyclops
 13328 | D:7      | Killed a cyclops
 13329 | D:7      | Reached skill level 10 in Conjurations
 13624 | D:7      | Noticed a boulder beetle
 13640 | D:7      | Mangled by a boulder beetle

Illustrated notes

Levels and vault maps discovered:
D:1:      minmay_arrival_arboretum_small, layout_loops_ring, st_stairs_3,
          grunt_decor_one_mirror
D:2:      layout_basic, serial_shops, shop_fountains
D:3:      layout_loops_ring, hellmonk_ecumenical_altar_lost_god
D:4:      cheibrodos_quashed, layout_basic, mainiacjoe_overflow_tiny_flanked,
          serial_shops, shop_fountains, uniq_blork_the_orc, uniq_menkaure
D:5:      layout_basic, lemuel_temple_firewalk_b, serial_shops, shop,
          uniq_grinder, uniq_crazy_yiuf_cottage, uniq_duvessa, uniq_eustachio
D:6:      layout_gridville, gup_sewer_entry_bowl
D:7:      nzn_winding_woodlands_stair_cross
          [nzn_winding_woodlands_5x15_sidewinder,
          nzn_winding_woodlands_center_lodge,
          nzn_winding_woodlands_5x15_concentric,
          nzn_winding_woodlands_hourglass,
          nzn_winding_woodlands_5x5_checkerboard,
          nzn_winding_woodlands_5x15_pathside_ponds,
          nzn_winding_woodlands_center_garden,
          nzn_winding_woodlands_5x15_river_crossing], layout_loops_corners,
          lemuel_zombie_altar_yredelemnul,
          mainiacjoe_overflow_concentric_impassable, grunt_ministairs_11,
          grunt_ogre_cave, st_stairs_6, kennysheep_doodads
Temple:   regret_index_temple_generic_petals

Skill      XL: |  1  2  3  4  5  6  7  8  9 10 |
---------------+-------------------------------+-----
Stealth        | 2 3 4 |  4.0
Dodging        | 2 3 |  3.7
Spellcasting   | 3 4 |  4.5
Conjurations   | 5 6 7 9 10 | 10.1
Air Magic      | 2 |  2.2
Ice Magic      | 2 6 9 10 | 10.1

Action                   |  1- 3 |  4- 6 |  7- 9 | 10-12 || total
-------------------------+-------+-------+-------+-------++-------
Melee: Spear             |    38 |     5 |       |       ||    43
       Tailslap          |     3 |       |    18 |       ||    21
       Trident           |       |       |    27 |       ||    27
       Quarterstaff      |       |       |    39 |    23 ||    62
       Lajatang          |       |       |     5 |       ||     5
       Staff             |       |       |    24 |       ||    24
       Punch             |       |       |     1 |       ||     1
 Cast: Magic Dart        |    65 |    37 |   123 |    17 ||   242
       Searing Ray       |     8 |    25 |    60 |    14 ||   107
       Iskenderun's Myst |       |       |    16 |     7 ||    23
       Freezing Cloud    |       |       |    12 |     3 ||    15
Invok: Sacrifice Drink   |       |       |     1 |       ||     1
       Reject Sacrifices |       |       |       |     1 ||     1
Evoke: Wand              |       |       |     1 |       ||     1
  Use: Scroll            |     3 |     5 |     4 |     1 ||    13
       Potion            |       |       |     3 |     2 ||     5
 Stab: Sleeping          |     1 |     1 |       |       ||     2
       Petrified         |       |       |     1 |       ||     1
Armor: Skin              |    18 |    10 |    95 |    38 ||   161
Dodge: Dodged            |    33 |    11 |   111 |    29 ||   184

Table legend: (Time is in decaauts)
 A = Elapsed time spent in this place.
 B = Non-inter-level travel time spent in this place.
 C = Inter-level travel time spent in this place.
 D = Time resting spent in this place.
 E = Time spent auto-exploring this place.
 F = Levels seen in this place.
 G = Mean time per level.
                   A        B        C        D        E       F      G
               +--------+--------+--------+--------+--------+-----+--------+
         Total |  13720 |  13308 |    412 |   4396 |   7272 |   9 | 1524.4 |
       Dungeon |  13015 |  12603 |    412 |   4288 |   6761 |   7 | 1859.3 |
        Temple |      1 |      1 |      0 |      0 |      0 |   1 |    1.0 |
         Sewer |    702 |    702 |      0 |    108 |    511 |   1 |  702.0 |
               +--------+--------+--------+--------+--------+-----+--------+

Top non-repeatable levels by time:
     D:7: 3919 daAuts
     D:5: 2377 daAuts
     D:4: 1575 daAuts
     D:3: 1407 daAuts
     D:1: 1317 daAuts
     D:6: 1303 daAuts
     D:2: 1115 daAuts
   Sewer: 702 daAuts
  Temple: 1 daAuts
